MLB
DETROIT TIGERS @ TEXAS RANGERS
03/25/2023
 
TOP OF THE 1ST
Detroit Tigers batting - Pitching for Texas Rangers : RHP Daulton Jefferies
Pitching: RHP Daulton Jefferies
Batting: RHB Starling Marte 0-0: Fly out, F8 (Flyball, 8LD, EV 87.5 MPH)
Batting: RHB Tyler Freeman 0-0: Called Strike
0-1: Swinging Strike
0-2: Strikes out swinging
Batting: RHB George Springer 0-0: Called Strike
0-1: Ground out 4-3 (Groundball, 6MS, EV 81.3 MPH)
Top of the 1st over - 0 runs, 0 hits, 0 errors, 0 left on base; Detroit 0 - Texas 0
BOTTOM OF THE 1ST
Texas Rangers batting - Pitching for Detroit Tigers : RHP Logan Gilbert
Pitching: RHP Logan Gilbert
Batting: SHB Greg Allen 0-0: Ball
1-0: Ball
2-0: Called Strike
2-1: Ground out 1-3 (Groundball, 34S, EV 68.8 MPH)
Batting: LHB Ismael Munguia 0-0: Ball
1-0: Ball
2-0: Called Strike
2-1: Called Strike
2-2: Foul Ball, location: 7LMF
2-2: Foul Ball, location: 5F
2-2: SOLO HOME RUN (Flyball, 9D, EV 97.5 MPH), Distance : 372 ft
Batting: LHB Bryce Harper 0-0: Fly out, F8 (Flyball, 8LM, EV 93.8 MPH)
Batting: LHB Max Muncy 0-0: Ball
1-0: SINGLE (Groundball, 4MD, EV 108.1 MPH)
Batting: SHB Jurickson Profar 0-0: Called Strike
0-1: Swinging Strike
0-2: Ball
1-2: Foul Ball, location: 3F
1-2: Ball
2-2: Ball
3-2: DOUBLE (Line Drive, 7LD, EV 101.9 MPH)
Max Muncy to third
Max Muncy scores
Batting: LHB Luis Guillorme 0-0: Ball
1-0: Ground out 4-3 (Groundball, 4, EV 86.3 MPH)
Bottom of the 1st over - 2 runs, 3 hits, 0 errors, 1 left on base; Detroit 0 - Texas 2
TOP OF THE 2ND
Detroit Tigers batting - Pitching for Texas Rangers : RHP Daulton Jefferies
Batting: RHB Miguel Sano 0-0: SINGLE (Line Drive, 9S, EV 101.3 MPH)
Batting: RHB J.D. Davis 0-0: Ball
1-0: Ball
2-0: Fielders Choice at 2nd, 5-4 (Groundball, 5, EV 82.5 MPH)
Batting: LHB Jake Fraley 0-0: Called Strike
0-1: Ball
1-1: Ball
2-1: Fly out, F6 (Popup, 6, EV 78.1 MPH)
Batting: RHB Enrique Hernandez 0-0: Foul Ball, location: 23F
0-1: Foul Ball, location: 2F
0-2: Foul Ball, location: 9LMF
0-2: DOUBLE (Groundball, 5L, EV 110.0 MPH)
J.D. Davis to third
Runner from 3rd tries for Home, SAFE, no throw by LF
Batting: RHB Carson Kelly 0-0: Foul Ball, location: 23F
0-1: Foul Ball, location: 23F
0-2: Ball
1-2: Foul Ball, location: 9LSF
1-2: Foul Ball, location: 7LMF
1-2: Ball
2-2: Fly out, F8 (Flyball, 8RD, EV 101.9 MPH)
Top of the 2nd over - 1 run, 2 hits, 0 errors, 1 left on base; Detroit 1 - Texas 2
BOTTOM OF THE 2ND
Texas Rangers batting - Pitching for Detroit Tigers : RHP Logan Gilbert
Batting: RHB Ha-seong Kim 0-0: Ball
1-0: Ball
2-0: Foul Ball, location: 3F
2-1: Called Strike
2-2: Ground out 4-3 (Groundball, 4, EV 108.1 MPH)
Batting: RHB Yolbert Sanchez 0-0: Ground out 5-3 (Groundball, 56S, EV 85.6 MPH)
Batting: RHB Caleb Hamilton 0-0: Ground out 6-3 (Groundball, 6, EV 86.9 MPH)
Bottom of the 2nd over - 0 runs, 0 hits, 0 errors, 0 left on base; Detroit 1 - Texas 2
TOP OF THE 3RD
Detroit Tigers batting - Pitching for Texas Rangers : RHP Daulton Jefferies
Batting: RHB Santiago Espinal 0-0: Ball
1-0: Ground out 6-3 (Groundball, 56, EV 99.4 MPH)
Batting: RHB Starling Marte 0-0: Called Strike
0-1: Ball
1-1: Ground out 5-3 (Groundball, 56S, EV 72.5 MPH)
Batting: RHB Tyler Freeman 0-0: Ball
1-0: Called Strike
1-1: Ball
2-1: Swinging Strike
2-2: Strikes out looking
Top of the 3rd over - 0 runs, 0 hits, 0 errors, 0 left on base; Detroit 1 - Texas 2
BOTTOM OF THE 3RD
Texas Rangers batting - Pitching for Detroit Tigers : RHP Logan Gilbert
Batting: SHB Greg Allen 0-0: Swinging Strike
0-1: Foul Ball, location: 25F
0-2: Strikes out swinging
Batting: LHB Ismael Munguia 0-0: Ball
1-0: Fly out, F8 (Flyball, 8LS, EV 86.3 MPH)
Pitching: RHP Casey Lawrence
Batting: LHB Bryce Harper 0-0: Fly out, F3 (Line Drive, 3L, EV 65.0 MPH)
Bottom of the 3rd over - 0 runs, 0 hits, 0 errors, 0 left on base; Detroit 1 - Texas 2
TOP OF THE 4TH
Detroit Tigers batting - Pitching for Texas Rangers : RHP Daulton Jefferies
Batting: RHB George Springer 0-0: Called Strike
0-1: Ball
1-1: Ball
2-1: Foul Ball, location: 9LMF
2-2: Foul Ball, location: 2F
2-2: Strikes out swinging
Batting: RHB Miguel Sano 0-0: Ball
1-0: Swinging Strike
1-1: Called Strike
1-2: Fly out, F9 (Flyball, 9, EV 96.9 MPH)
Batting: RHB J.D. Davis 0-0: Ball
1-0: Fly out, F9 (Flyball, 89S, EV 94.4 MPH)
Top of the 4th over - 0 runs, 0 hits, 0 errors, 0 left on base; Detroit 1 - Texas 2
BOTTOM OF THE 4TH
Texas Rangers batting - Pitching for Detroit Tigers : RHP Casey Lawrence
Batting: LHB Max Muncy 0-0: Swinging Strike
0-1: Ball
1-1: Called Strike
1-2: Ball
2-2: Foul Ball, location: 5SF
2-2: Foul Ball, location: 2F
2-2: Strikes out looking
Batting: SHB Jurickson Profar 0-0: Ball
1-0: Called Strike
1-1: Ball
2-1: Foul Ball, location: 2F
2-2: Foul Ball, location: 7LDF
2-2: Fly out, F8 (Line Drive, 8RD, EV 96.3 MPH)
Batting: LHB Luis Guillorme 0-0: Swinging Strike
0-1: Foul Ball, location: 25F
0-2: Ball
1-2: Foul Ball, location: 7LMF
1-2: Ball
2-2: Ball
3-2: Foul Ball, location: 23F
3-2: Strikes out swinging
Bottom of the 4th over - 0 runs, 0 hits, 0 errors, 0 left on base; Detroit 1 - Texas 2
TOP OF THE 5TH
Detroit Tigers batting - Pitching for Texas Rangers : RHP Daulton Jefferies
Now at 3B: Devin Mann
Batting: LHB Jake Fraley 0-0: Ball
1-0: Called Strike
1-1: Ball
2-1: Fly out, F8 (Flyball, 8LM, EV 93.8 MPH)
Batting: RHB Enrique Hernandez 0-0: Ball
1-0: Bunted foul
1-1: Foul Ball, location: 5F
1-2: Strikes out swinging
Batting: RHB Carson Kelly 0-0: Called Strike
0-1: Ball
1-1: DOUBLE (Flyball, 89D, EV 96.3 MPH)
Batting: RHB Santiago Espinal 0-0: Ball
1-0: Ball
2-0: DOUBLE (Line Drive, 5D, EV 104.4 MPH)
Carson Kelly scores
Batting: RHB Starling Marte 0-0: Swinging Strike
0-1: Foul Ball, location: 5F
0-2: Foul Ball, location: 9LDF
0-2: Foul Ball, location: 2RF
0-2: Foul Ball, location: 2F
0-2: Ball
1-2: Ball
2-2: DOUBLE (Line Drive, 9LM, EV 101.9 MPH)
Santiago Espinal scores
Pinch Hitting: RHB Nick Madrigal 0-0: Called Strike
0-1: Called Strike
0-2: Ball
1-2: Ground out 2-3 (Groundball, 15S, EV 86.9 MPH)
Top of the 5th over - 2 runs, 3 hits, 0 errors, 1 left on base; Detroit 3 - Texas 2
BOTTOM OF THE 5TH
Texas Rangers batting - Pitching for Detroit Tigers : RHP Casey Lawrence
Pitching: LHP Ranger Suarez
Now at C: Elias Diaz
Now at 3B: Joe Perez
Now at SS: Delvin Perez
Now in LF: Andrew Velazquez
Now in CF: Nelson Velazquez
Now in RF: Sheldon Neuse
Batting: RHB Ha-seong Kim 0-0: Ball
1-0: DOUBLE (Line Drive, 78D, EV 96.3 MPH)
Batting: RHB Yolbert Sanchez 0-0: Ball
1-0: Called Strike
1-1: Called Strike
1-2: Ground out 4-3 (Groundball, 4, EV 82.5 MPH)
Ha-seong Kim to third
Batting: RHB Caleb Hamilton 0-0: Ball
1-0: Foul Ball, location: 23F
1-1: Called Strike
1-2: Fly out, F7 (Flyball, 78S, EV 81.3 MPH)
Pinch Hitting: LHB Wilyer Abreu 0-0: Foul Ball, location: 7LDF
0-1: SINGLE (Groundball, 4MD, EV 108.1 MPH)
Ha-seong Kim scores
Batting: LHB Ismael Munguia 0-0: Ball
1-0: Foul Ball, location: 2F
1-1: Ball
2-1: Called Strike
2-2: Ball
3-2: SINGLE (Groundball, 34D, EV 106.3 MPH)
Wilyer Abreu to second
Wilyer Abreu to third
Batting: LHB Bryce Harper 0-0: Ball
1-0: Foul Ball, location: 2F
1-1: DOUBLE (Flyball, 8LXD, EV 105.6 MPH)
Wilyer Abreu scores
Ismael Munguia to third
Runner from 3rd tries for Home, SAFE, no throw by CF
Batting: LHB Max Muncy 0-0: Ball
Wild Pitch!
Bryce Harper to third
1-0: Fly out, F7 (Line Drive, 7, EV 101.9 MPH)
Bottom of the 5th over - 3 runs, 4 hits, 0 errors, 1 left on base; Detroit 3 - Texas 5
TOP OF THE 6TH
Detroit Tigers batting - Pitching for Texas Rangers : RHP Daulton Jefferies
Pitching: RHP Yonny Chirinos
Now in LF: Randy Arozarena
Now in CF: Ernie Clement
Batting: RHB Elias Diaz 0-0: Called Strike
0-1: Fly out, F8 (Line Drive, 8LM, EV 97.5 MPH)
Pinch Hitting: LHB Jake Lamb 0-0: Called Strike
0-1: Ball
1-1: Foul Ball, location: 5F
1-2: Strikes out swinging
Batting: RHB Nelson Velazquez 0-0: Called Strike
0-1: Ball
1-1: Foul Ball, location: 2F
1-2: Ball
2-2: Foul Ball, location: 3DF
2-2: Ball
3-2: DOUBLE (Line Drive, 7LS, EV 90.6 MPH)
Batting: RHB Joe Perez 0-0: Called Strike
0-1: Called Strike
0-2: Ball
1-2: Foul Ball, location: 9LSF
1-2: Foul Ball, location: 9LMF
1-2: Strikes out looking
Top of the 6th over - 0 runs, 1 hit, 0 errors, 1 left on base; Detroit 3 - Texas 5
BOTTOM OF THE 6TH
Texas Rangers batting - Pitching for Detroit Tigers : LHP Ranger Suarez
Pitching: RHP Tobias Myers
Now at 1B: Jake Lamb
Batting: SHB Jurickson Profar 0-0: Ball
1-0: Ball
2-0: Foul Ball, location: 2F
2-1: Foul Ball, location: 2F
2-2: Foul Ball, location: 2F
2-2: Strikes out swinging
Batting: RHB Devin Mann 0-0: Called Strike
0-1: SINGLE (Line Drive, 7LS, EV 100.0 MPH)
Pinch Hitting: RHB Francisco Urbaez 0-0: Foul Ball, location: 3F
0-1: Grounds into double play, 4-6-3 (Groundball, 4M, EV 81.9 MPH)
Bottom of the 6th over - 0 runs, 1 hit, 0 errors, 0 left on base; Detroit 3 - Texas 5
TOP OF THE 7TH
Detroit Tigers batting - Pitching for Texas Rangers : RHP Yonny Chirinos
Pitching: RHP Ken Giles
Now at 2B: Francisco Urbaez
Batting: RHB Chris Campos 0-0: Foul Ball, location: 7LSF
0-1: Foul Ball, location: 2F
0-2: Strikes out looking
Batting: RHB Sheldon Neuse 0-0: Ball
1-0: Ball
2-0: Ball
3-0: Called Strike
3-1: SINGLE (Line Drive, 6MD, EV 99.4 MPH)
Pinch Hitting: RHB Lenyn Sosa 0-0: Called Strike
0-1: Foul Ball, location: 5F
0-2: Ball
Pickoff Throw to First - Out! 1-3
1-2: Ball
2-2: Hit by Pitch
Batting: SHB Andrew Velazquez 0-0: Ball
1-0: Ball
2-0: Foul Ball, location: 7LDF
2-1: Foul Ball, location: 2F
2-2: Foul Ball, location: 5SF
2-2: Strikes out swinging
Top of the 7th over - 0 runs, 1 hit, 0 errors, 1 left on base; Detroit 3 - Texas 5
BOTTOM OF THE 7TH
Texas Rangers batting - Pitching for Detroit Tigers : RHP Tobias Myers
Pitching: RHP Cody Morris
Now at 2B: Lenyn Sosa
Pinch Hitting: RHB Carlos Correa 0-0: Swinging Strike
0-1: Ball
1-1: Ball
2-1: Ground out 6-3 (Groundball, 6, EV 87.5 MPH)
Batting: RHB Caleb Hamilton 0-0: Foul Ball, location: 3DF
0-1: Ball
1-1: Ball
2-1: DOUBLE (Line Drive, 5D, EV 103.8 MPH)
Batting: RHB Randy Arozarena 0-0: Called Strike
0-1: Swinging Strike
0-2: Ball
1-2: Strikes out swinging
Batting: RHB Ernie Clement 0-0: Called Strike
0-1: Swinging Strike
0-2: Strikes out swinging
Bottom of the 7th over - 0 runs, 1 hit, 0 errors, 1 left on base; Detroit 3 - Texas 5
TOP OF THE 8TH
Detroit Tigers batting - Pitching for Texas Rangers : RHP Ken Giles
Pitching: RHP Dylan Bundy
Now at SS: Carlos Correa
Batting: RHB Delvin Perez 0-0: Swinging Strike
0-1: Foul Ball, location: 9LDF
0-2: Ball
1-2: Ball
2-2: Fly out, F9 (Flyball, 9S, EV 110.6 MPH)
Batting: RHB Elias Diaz 0-0: Ball
1-0: Ball
2-0: Swinging Strike
2-1: DOUBLE (Line Drive, 8LD, EV 73.1 MPH) - OUT at third base trying to stretch hit.
Batting: LHB Jake Lamb 0-0: Ball
1-0: Ball
2-0: SINGLE (Groundball, 34D, EV 101.9 MPH)
Batting: RHB Nelson Velazquez 0-0: Called Strike
0-1: Called Strike
0-2: Foul Ball, location: 2F
0-2: Ball
1-2: Ball
2-2: Strikes out looking
Top of the 8th over - 0 runs, 2 hits, 0 errors, 1 left on base; Detroit 3 - Texas 5
BOTTOM OF THE 8TH
Texas Rangers batting - Pitching for Detroit Tigers : RHP Cody Morris
Pitching: RHP Sean Boyle
Batting: LHB Bryce Harper 0-0: Called Strike
0-1: Foul Ball, location: 3F
0-2: Foul Ball, location: 7LMF
0-2: Fly out, F7 (Line Drive, 7, EV 92.5 MPH)
Batting: LHB Max Muncy 0-0: Ball
1-0: Ball
2-0: Called Strike
2-1: Foul Ball, location: 9LDF
2-2: Foul Ball, location: 3DF
2-2: Ball
3-2: Foul Ball, location: 2F
3-2: Fly out, F7 (Flyball, 78M, EV 87.5 MPH)
Batting: SHB Jurickson Profar 0-0: Ball
1-0: Foul Ball, location: 23F
1-1: Ball
2-1: Swinging Strike
2-2: Strikes out looking
Bottom of the 8th over - 0 runs, 0 hits, 0 errors, 0 left on base; Detroit 3 - Texas 5
TOP OF THE 9TH
Detroit Tigers batting - Pitching for Texas Rangers : RHP Dylan Bundy
Pitching: RHP Michael Lorenzen
Batting: RHB Joe Perez 0-0: Foul Ball, location: 23F
0-1: Ground out 6-3 (Groundball, 6, EV 107.5 MPH)
Batting: RHB Chris Campos 0-0: Ball
1-0: Ball
2-0: Ball
3-0: Called Strike
3-1: Called Strike
3-2: Base on Balls
Batting: RHB Sheldon Neuse 0-0: Ball
1-0: Ball
2-0: Swinging Strike
2-1: Ball
3-1: Base on Balls
Chris Campos to second
Batting: RHB Lenyn Sosa 0-0: SINGLE (Groundball, 4MS, EV 64.4 MPH) (infield hit)
Chris Campos to third
Sheldon Neuse to second
Batting: SHB Andrew Velazquez 0-0: Fly out, F7 (Flyball, 78M, EV 91.3 MPH)
Batting: RHB Delvin Perez 0-0: Ball
1-0: Called Strike
1-1: Ball
2-1: Called Strike
2-2: Strikes out swinging
Top of the 9th over - 0 runs, 1 hit, 0 errors, 3 left on base; Detroit 3 - Texas 5
Sunday, May 28th , 2023 - OOTP Baseball 24.4 Build 61